 Dungeon Crawl Stone Soup version 0.21.1-1-g345015fe64 (webtiles) character file.

11114 GreedyOne the Covert (level 12, -18/67 HPs)
             Began as a Kobold Enchanter on June 7, 2018.
             Was a Follower of Ashenzari.
             Hit by a large rock thrown by a stone giant (36 damage)
             ... in a volcano.
             The game lasted 01:30:03 (17232 turns).

GreedyOne the Covert (Kobold Enchanter)            Turns: 17232, Time: 01:30:04

Health: -18/67     AC:  4    Str:  6    XL:     12   Next: 3%
Magic:  9/21       EV: 18    Int: 18    God:    Ashenzari [*.....]
Gold:   656        SH:  0    Dex: 18    Spells: 9/23 levels left

rFire    . . .     SeeInvis .   C - +0 rapier
rCold    . . .     Gourm    +   (shield restricted)
rNeg     . . .     Faith    .   E - -1 robe (curse)
rPois    .         Spirit   .   (no helmet)
rElec    .         Reflect  .   P - +2 cloak (curse)
rCorr    .         Harm     .   (no gloves)
MR       .....                  (no boots)
Stlth    +++++.....             o - amulet of the gourmand
HPRegen  0.21/turn              S - ring of flight
MPRegen  0.17/turn              (no ring)

@: very slightly contaminated
A: small, carnivore
a: Curse Item, Scrying, Renounce Religion, Evoke Flight


You were in a volcano.
You worshipped Ashenzari.
Ashenzari was aware of your devotion.
You were very full.

You visited 3 branches of the dungeon, and saw 13 of its levels.
You also visited: Ossuary and Volcano.

You collected 656 gold pieces.

Inventory:

Hand Weapons
 e - a +1 dagger of protection
 C - a +0 rapier (weapon)
 D - a +1 dagger of freezing
 L - a +0 short sword of holy wrath
 Q - a +2 dagger of venom
Armour
 b - a +0 robe
 B - a +0 cloak
 E - a cursed -1 robe (worn)
 P - a cursed +2 cloak (worn)
Magical Staves
 g - an uncursed staff of cold
Jewellery
 o - an amulet of the gourmand (around neck)
 S - a ring of flight (left hand)
Wands
 z - a wand of scattershot (2)
 J - a wand of polymorph (10)
Scrolls
 f - 4 scrolls of enchant weapon {unknown}
 m - a scroll of teleportation
 n - 4 scrolls of immolation
 p - 3 scrolls of magic mapping
 s - 2 scrolls of blinking
 t - 4 scrolls of remove curse
 y - 2 scrolls of noise {unknown}
 A - 2 scrolls of amnesia {unknown}
 G - 2 scrolls of enchant armour {unknown}
 I - 2 scrolls of identify
 K - a scroll of random uselessness {unknown}
 M - a scroll of fear
 N - a scroll of summoning {unknown}
 R - 3 scrolls of fog {unknown}
Potions
 a - a potion of invisibility
 h - 2 potions of heal wounds
 i - 4 potions of curing
 j - a potion of magic
 k - 4 potions of might
 l - a potion of brilliance
 q - 2 potions of lignification
 r - a potion of resistance
 u - 3 potions of flight {unknown}
 v - 2 potions of degeneration {unknown}
 w - 3 potions of agility {unknown}
 x - 2 potions of ambrosia {unknown}
 F - a potion of cancellation
 H - a potion of mutation
Books
 c - a book of Maledictions

   Spells                             Type                      Level
   a - Corona                         Hexes                        1
   b - Ensorcelled Hibernation        Hexes/Ice                    2
   c - Confuse                        Hexes                        3
   d - Tukima's Dance                 Hexes                        3
   e - Dazzling Spray                 Conjuration/Hexes            3
 O - a book of Misfortune

   Spells                             Type                      Level
   a - Confusing Touch                Hexes                        1
   b - Confuse                        Hexes                        3
   c - Gell's Gravitas                Translocation                3
   d - Petrify                        Transmutation/Earth          4
   e - Metabolic Englaciation         Hexes/Ice                    5
   f - Yara's Violent Unravelling     Hexes/Transmutation          5
Comestibles
 d - 23 rations


   Skills:
 + Level 4.4 Fighting
 + Level 11.3 Short Blades
 + Level 5.6 Dodging
 + Level 12.7 Stealth
 + Level 6.4 Spellcasting
 - Level 4.0 Conjurations
 + Level 8.5 Hexes
 - Level 5.0 Ice Magic


You had 9 spell levels left.
You knew the following spells:

 Your Spells              Type           Power        Failure   Level  Hunger
a - Corona                Hex            #####..      1%          1    None
b - Ensorcelled Hibernat  Hex/Ice        ####..       1%          2    None
c - Confuse               Hex            #####...     1%          3    ##.....
d - Dazzling Spray        Conj/Hex       ####..       2%          3    ##.....
e - Metabolic Englaciati  Hex/Ice        ####......   19%         5    #####..


Dungeon Overview and Level Annotations

Branches:
Dungeon (11/15)            Temple (1/1) D:4            Lair (1/6) D:10
    Orc: D:9-12

Altars:
Ashenzari
Cheibriados
Dithmenos
Elyvilon
Fedhas
Gozag
Hepliaklqana
Kikubaaqudgha
Makhleb
Nemelex Xobeh
Okawaru
Qazlal
Ru
Sif Muna
Trog
Uskayaw
Vehumet
Wu Jian
Xom
Yredelemnul
Zin
The Shining One

Shops:
D:4 :


Innate Abilities, Weirdness & Mutations

You are small and have problems with some larger weapons.
You are carnivorous and can eat meat at any time.


Message History

The lava snake struggles to resist.
Casting: Ensorcelled Hibernation
Confirm with . or Enter, or press ? or * to list all spells.
Aiming: Ensorcelled Hibernation
Press: ? - help, Shift-Dir - straight line, f/p - lava snake
Aim: a lava snake (black smoke, lava, chance to defeat MR: 67%)
The lava snake looks drowsy...
The fire bat bites you but does no damage.
Casting: Ensorcelled Hibernation
Confirm with . or Enter, or press ? or * to list all spells.
Aiming: Ensorcelled Hibernation
Press: ? - help, Shift-Dir - straight line, f - fire bat, p - lava snake
Aim: a fire bat (chance to defeat MR: 67%)
The fire bat looks drowsy...
The helpless fire bat fails to defend itself.
You perforate the fire bat like a sieve!!!!
You kill the fire bat!
The stone giant throws a large rock.
The large rock hits you!!!
Ouch! That really hurt!
You die...

#8§8##.......##
#.C..§..≈≈....##
##...§.§..≈≈≈....#
#...§§.§§≈§≈≈....#
#....R§§≈≈≈≈§.....
##...§≈≈§§≈≈≈§§≈≈..
#...≈§≈≈≈≈≈≈≈§≈≈≈..
#..≈S§≈≈≈≈§§§§≈≈§≈§
##@§≈≈≈≈≈≈≈≈§§§≈§§≈
#.≈≈≈≈≈≈≈≈§≈≈≈≈≈§§
#.≈§≈§≈≈≈≈§≈§§≈≈≈§
#.≈§§≈≈≈§≈≈≈≈§≈≈≈≈
#..≈≈≈≈§§S§≈§≈≈§≈§
##..§≈§§§§§≈≈≈§§≈§
#..≈≈§≈§≈§≈≈§≈§§§
#..§§§§§§≈≈§≈≈≈≈≈
#..§§§≈b≈≈§§≈≈§§


You could see a stone giant, an efreet and a lava snake (sleeping).

Vanquished Creatures
  2 two-headed ogres (D:10)
  The ghost of rbetra the Cleaver, a novice MiFi of Makhleb (D:9)
  An elephant (D:10)
  The ghost of P0WERM0DE the Grave Robber, a novice GnNe of Cheibriados (D:8)
  A gargoyle (Volcano)
  A hornet (D:10)
  3 hippogriffs
  A spriggan (D:7)
  A wyvern (D:9)
  3 yaks (D:10)
  6 fire bats (Volcano)
  A fire elemental (Volcano)
  A hungry ghost (D:8)
  The ghost of shachar58 the Digger, an amateur DrEE (D:3)
  2 water moccasins
  3 porcupines (Lair:1)
  4 orc warriors
  A phantom (D:5)
  2 sky beasts (D:5)
  6 ice beasts
  4 ogres
  2 centaurs (D:7)
  2 crocodiles (D:10)
  A big kobold (D:7)
  2 elf zombies (Ossuary)
  7 bullfrogs
  2 scorpions
  8 wights
  4 howler monkeys
  4 crimson imps
  2 centaur zombies
  5 lava snakes (Volcano)
  A hound (D:7)
  7 orc priests
  4 bullfrog skeletons
  2 centaur skeletons
  6 orc wizards
  Jessica (D:2)
  4 iguanas
  8 worker ants
  A killer bee zombie (D:8)
  5 big kobold zombies (Ossuary)
  A hound zombie (Ossuary)
  4 mummies
  A worker ant zombie (D:8)
  3 gnolls (D:6)
  20 adders
  A howler monkey skeleton (D:4)
  4 shadow imps
  4 adder zombies (Ossuary)
  A worm (D:5)
  2 dart slugs (D:1)
  4 leopard geckos
  63 orcs
  4 giant cockroaches
  2 gnoll zombies (Ossuary)
  6 goblins
  9 hobgoblins
  22 jackals
  3 quokkas
  4 ball pythons
  7 bats
  4 frilled lizards
  8 goblin zombies (Ossuary)
  2 hobgoblin zombies (Ossuary)
  3 jackal zombies (Ossuary)
  8 kobolds
  2 kobold zombies (Ossuary)
  A leopard gecko skeleton (D:6)
  A quokka zombie (Ossuary)
  14 rats
  3 rat zombies (Ossuary)
  A spectral orc (D:6)
336 creatures vanquished.

Vanquished Creatures (others)
  A hound skeleton (D:7)
1 creature vanquished.

Grand Total: 337 creatures vanquished

Notes
Turn   | Place    | Note
-------+----------+-------------------------------------------
     0 | D:1      | GreedyOne the Kobold Enchanter began the quest for the Orb.
     0 | D:1      | Reached XP level 1. HP: 10/10 MP: 3/3
   242 | D:1      | Reached XP level 2. HP: 12/15 MP: 3/5
   279 | D:1      | Learned a level 2 spell: Ensorcelled Hibernation
  1017 | D:1      | Reached XP level 3. HP: 19/19 MP: 6/6
  1204 | D:1      | Reached skill level 5 in Stealth
  1292 | D:2      | Noticed Jessica
  1543 | D:2      | Killed Jessica
  1543 | D:2      | Reached XP level 4. HP: 14/24 MP: 2/7
  1835 | D:2      | Learned a level 3 spell: Confuse
  1855 | D:2      | Reached skill level 6 in Stealth
  1855 | D:2      | Reached XP level 5. HP: 28/28 MP: 8/8
  2588 | D:3      | Noticed shachar58's ghost (amateur DrEE)
  2874 | D:3      | Reached skill level 5 in Short Blades
  2909 | D:3      | Reached XP level 6. HP: 19/32 MP: 0/9
  3132 | D:3      | Reached skill level 7 in Stealth
  3132 | D:3      | Reached skill level 1 in Ice Magic
  3446 | D:3      | Killed shachar58's ghost
  3446 | D:3      | Reached XP level 7. HP: 29/36 MP: 3/10
  3853 | D:4      | Found a staircase to the Ecumenical Temple.
  3867 | Temple   | Entered the Ecumenical Temple
  4080 | D:4      | Found a hide-covered altar of Uskayaw.
  4130 | D:4      | Found Lech's Book Shop.
  4724 | D:4      | Found a sacrificial altar of Ru.
  4800 | D:4      | Reached skill level 8 in Stealth
  5046 | D:5      | Entered Level 5 of the Dungeon
  5316 | D:5      | Reached XP level 8. HP: 40/41 MP: 11/11
  5317 | D:5      | Found an iron altar of Okawaru.
  6361 | D:5      | Found a hazy altar of Hepliaklqana.
  6863 | D:6      | Reached skill level 5 in Hexes
  7101 | D:6      | Reached skill level 9 in Stealth
  7252 | D:5      | Reached XP level 9. HP: 45/45 MP: 9/12
  7499 | D:5      | Noticed a moth of wrath
  7501 | D:5      | Found a bloodstained altar of Trog.
  8981 | D:6      | Found a basalt altar of Yredelemnul.
  9212 | D:7      | Found a sand-covered staircase.
  9219 | Ossuary  | Entered an ossuary
  9309 | Ossuary  | Learned a level 3 spell: Dazzling Spray
  9878 | Ossuary  | Reached skill level 10 in Stealth
  9878 | Ossuary  | Reached skill level 5 in Ice Magic
 10358 | D:7      | Reached skill level 1 in Conjurations
 10503 | D:7      | Found a sacrificial altar of Ru.
 10535 | D:7      | Found a shattered altar of Ashenzari.
 10808 | D:7      | Became a worshipper of Ashenzari the Shackled
 11008 | D:7      | Reached XP level 10. HP: 36/50 MP: 7/15
 11305 | D:7      | Found a glowing silver altar of Zin.
 12202 | D:8      | Found a radiant altar of Vehumet.
 12545 | D:8      | Reached skill level 11 in Stealth
 13042 | D:8      | Noticed P0WERM0DE's ghost (novice GnNe)
 13371 | D:8      | Killed P0WERM0DE's ghost
 13574 | D:9      | Noticed rbetra's ghost (novice MiFi)
 13632 | D:9      | Killed rbetra's ghost
 13632 | D:9      | Reached skill level 10 in Short Blades
 14016 | D:9      | Reached skill level 1 in Fighting
 14137 | D:9      | Reached skill level 5 in Spellcasting
 14279 | D:9      | Reached * piety under Ashenzari
 14435 | D:10     | Entered Level 10 of the Dungeon
 14586 | D:10     | Noticed a two-headed ogre
 14622 | D:10     | Reached XP level 11. HP: 54/57 MP: 14/18
 14858 | D:10     | Found a staircase to the Lair.
 14858 | D:10     | Noticed an elephant
 14898 | D:10     | Killed an elephant
 15035 | D:10     | Reached skill level 12 in Stealth
 15048 | D:10     | Killed a two-headed ogre
 15339 | D:10     | Noticed a two-headed ogre
 15349 | D:10     | Killed a two-headed ogre
 15896 | D:10     | Reached skill level 5 in Dodging
 16578 | Lair:1   | Entered Level 1 of the Lair of Beasts
 16588 | Lair:1   | Learned a level 5 spell: Metabolic Englaciation
 16708 | Lair:1   | Found a dark tunnel.
 16713 | Volcano  | Entered a volcano
 17128 | Volcano  | Reached XP level 12. HP: 49/67 MP: 21/21
 17204 | Volcano  | Noticed a stone giant
 17232 | Volcano  | Hit by a large rock thrown by a stone giant

Skill      XL: |  1  2  3  4  5  6  7  8  9 10 11 |
---------------+----------------------------------+-----
Short Blades   | 2 3 4 5 6 7 9 10 11 | 11.3
Stealth        | 5 6 7 8 9 10 11 12 | 12.7
Ice Magic      | 1 3 4 5 |  5.0
Hexes          | 4 5 6 7 8 |  8.5
Conjurations   | 2 4 |  4.0
Spellcasting   | 3 5 6 |  6.4
Fighting       | 1 4 |  4.4
Dodging        | 3 5 |  5.6

Action                   |  1- 3 |  4- 6 |  7- 9 | 10-12 || total
-------------------------+-------+-------+-------+-------++-------
Melee: Dagger            |    63 |       |       |       ||    63
       Short sword       |    25 |   117 |   144 |       ||   286
       Rapier            |       |       |   321 |   301 ||   622
 Cast: Corona            |     8 |     2 |    18 |     3 ||    31
       Ensorcelled Hiber |    14 |    31 |    89 |   122 ||   256
       Confuse           |       |     5 |    42 |    50 ||    97
       Dazzling Spray    |       |       |    15 |    11 ||    26
Invok: Curse Item        |       |       |       |     1 ||     1
 Abil: Evoke Flight      |       |       |       |     1 ||     1
Evoke: Wand              |       |       |       |     3 ||     3
  Use: Scroll            |       |       |     7 |     7 ||    14
       Potion            |       |       |     5 |     2 ||     7
 Stab: Sleeping          |    21 |    23 |    75 |    81 ||   200
       Confused          |       |     3 |    22 |    29 ||    54
       Distracted        |       |       |     1 |     1 ||     2
       Invisible         |       |       |       |     1 ||     1
  Eat: Chunk             |    11 |     9 |    36 |    30 ||    86
Armor: Robe              |     8 |    11 |    30 |    13 ||    62
Dodge: Dodged            |    71 |    86 |   278 |   133 ||   568
